 Dungeon Crawl Stone Soup version 0.29-a0-72-g1732ff48e7 (webtiles) character file.

Game seed: 12573638634843790497

22 HallandMoats the Skirmisher (level 2, 0/16 HPs)
             Began as a Vine Stalker Fighter on Feb 3, 2022.
             Slain by a quokka (1 damage)
             ... on level 1 of the Dungeon.
             The game lasted 00:01:44 (920 turns).

HallandMoats the Skirmisher (Vine Stalker Fighter)   Turns: 920, Time: 00:01:45

Health: 0/16       AC:  6    Str: 18    XL:     2   Next: 91%
Magic:  0/3        EV:  9    Int:  8    God:
Gold:   41         SH:  4    Dex: 13    Spells: 1/1 levels left

rFire   . . .      SeeInvis .   a - +0 trident
rCold   . . .      Faith    .   c - +0 buckler
rNeg    . . .      Spirit   +   b - +0 scale mail
rPois   .          Reflect  .   (no helmet)
rElec   .          Harm     .   (no cloak)
rCorr   .          Rampage  .   (no gloves)
Will    .....                   (no boots)
Stlth   ..........              (no amulet)
HPRegen 0.05/turn               (no ring)
MPRegen 0.08/turn               (no ring)

@: mighty
A: fangs 2, magic shield, antimagic bite, no potion heal 2
a: no special abilities


You were on level 1 of the Dungeon.
You visited 1 branch of the dungeon, and saw 2 of its levels.

You collected 41 gold pieces.

Inventory:

Hand Weapons
 a - a +0 trident (weapon)
Armour
 b - a +0 scale mail (worn)
 c - a +0 buckler (worn)
Scrolls
 f - 2 scrolls of identify {unknown}
 g - a scroll of magic mapping {unknown}
 h - a scroll of teleportation {unknown}
 i - a scroll of immolation {unknown}
Potions
 e - a potion of magic
 j - a potion of heal wounds {unknown}
 k - 2 potions of curing


   Skills:
 * Level 2.9 Fighting
 * Level 2.1 Polearms
 + Level 2.5 Armour
 + Level 0.3 Dodging
 + Level 2.8 Shields
 * Level 0.9 Invocations


You had one spell level left.
You didn't know any spells.
Your spell library contained the following spells:

 Spells                   Type           Power      Damage    Failure   Level
 Portal Projectile        Hex/Tloc       0%         N/A       99%         3
 Blade Hands              Tmut           0%         N/A       100%        5
 Excruciating Wounds      Necr           0%         N/A       100%        5


Dungeon Overview and Level Annotations

Branches:
Dungeon (2/15)

Altars:


Innate Abilities, Weirdness & Mutations

You have extremely sharp teeth.
When hurt, damage is shared between your health and your magic reserves.
Your bite disrupts and absorbs the magic of your enemies.
Potions cannot restore your health.


Message History

The quokka bites you but does no damage.
There is a stone staircase leading up here.
The quokka barely misses you.
You climb upwards.
There is a stone staircase leading down here.
You puncture the quokka!
You kill the quokka!
You swing at nothing.
You swing at nothing.
You start resting.
HP restored.
You climb downwards.
The goblin throws a stone.
The stone barely misses you.
The goblin throws a stone.
The stone barely misses you.
There is a stone staircase leading up here.
The goblin hits you from afar with a +1 spear of venom.
You are lethally poisoned!
You feel very sick.
The quokka bites you but does no damage.
The goblin hits you but does no damage.
You are more poisoned.
You climb upwards.
You feel very sick.
There is a stone staircase leading down here.
It was a potion of magic.
Magic courses through your body.
* * * LOW HITPOINT WARNING * * *
You feel very sick. The quokka bites you.
* * * LOW HITPOINT WARNING * * *
It was a potion of curing.
Your system rejects the healing.
You feel better.
The quokka bites you but does no damage.
The quokka bites you but does no damage.
The quokka twitches its whiskers.
The quokka bites you but does no damage.
The quokka bites you.
* * * LOW HITPOINT WARNING * * *
You have no ailments to cure.
You feel very mighty all of a sudden. You block the quokka's attack.
You closely miss the quokka. The quokka bites you.
You die...

.......##.#.###........#
........#.#.# #........#
..........#.# #..).....# ####
.........##.###........### ##...
..................####...####....
............##.....#####.##......
....####..............##.##....##
....# #.####.#......(.........#
....# #.####.#.@###...........#
....####.##...#.r# #####.##....#
.........##.##.(.# #.##....#
.####.......##...# #.##....# .#
#..........#.#### ##.##....# .#
##.......#.......###...#...## ##
#........#....##..#.........## #
#...>....#..#####............#
####............................#


You could see a quokka.

Vanquished Creatures
  A worm (D:2)
  A dart slug (D:2)
  An endoplasm (D:1)
  A giant cockroach (D:1)
  2 goblins
  2 quokkas
  3 frilled lizards
  4 kobolds
  2 rats (D:1)
17 creatures vanquished.

Notes
Turn   | Place    | Note
-------+----------+-------------------------------------------
     0 | D:1      | HallandMoats the Vine Stalker Fighter began the quest for
                  | the Orb.
     0 | D:1      | Reached XP level 1. HP: 11/11 MP: 2/2
   183 | D:1      | Reached XP level 2. HP: 16/16 MP: 3/3
   920 | D:1      | Slain by a quokka

Illustrated notes

Levels and vault maps discovered:
D:1:      saegor_arrival_simple_b, layout_rooms
D:2:      layout_basic

Skill      XL: |  1  2 |
---------------+-------+-----
Polearms       | 2 |  2.1
Fighting       | |  2.9
Armour         | |  2.5
Dodging        | |  0.3
Shields        | |  2.8
Invocations    | |  0.9

Action                   || total
-------------------------++-------
Melee: Trident           ||    39
       Bite              ||     7
  Use: Potion            ||     3
Armor: Scale mail        ||    13
Dodge: Dodged            ||    16
Block: Buckler           ||     9

Table legend: (Time is in decaauts)
 A = Elapsed time spent in this place.
 B = Non-inter-level travel time spent in this place.
 C = Inter-level travel time spent in this place.
 D = Time resting spent in this place.
 E = Time spent auto-exploring this place.
 F = Levels seen in this place.
 G = Mean time per level.
                   A        B        C        D        E       F      G
               +--------+--------+--------+--------+--------+-----+--------+
         Total |    930 |    909 |     21 |    216 |    527 |   2 |  465.0 |
       Dungeon |    930 |    909 |     21 |    216 |    527 |   2 |  465.0 |
               +--------+--------+--------+--------+--------+-----+--------+

Top non-repeatable levels by time:
     D:1: 591 daAuts
     D:2: 339 daAuts
